 Dungeon Crawl Stone Soup version 0.30-a0-424-g7412bad402 (webtiles) character file.

Game seed: 8456460154148307964

129038 Bnni the Severer (level 17, -3/140 HPs)
             Began as a Formicid Fighter on Dec 9, 2022.
             Was the Champion of Okawaru.
             Slain by a broodmother (19 damage)
             ... on level 2 of the Spider Nest.
             The game lasted 00:54:15 (27813 turns).

Bnni the Severer (Formicid Fighter)                Turns: 27813, Time: 00:54:16

Health: -3/140     AC: 36    Str: 27      XL:     17   Next: 60%
Magic:  9/26       EV:  9    Int: 10      God:    Okawaru [******]
Gold:   2101       SH: 13    Dex: 10 (11) Spells: 16/16 levels left

rFire   + . .      SeeInvis +    t - +2 war axe (vamp)
rCold   . . .      Faith    .    L - +0 kite shield
rNeg    + . .      Spirit   .    M - +2 plate armour {rF+}
rPois   +          Reflect  .    (helmet unavailable)
rElec   .          Harm     .    w - +2 cloak "Xubojar" {rPois rN+ Dex-2}
rCorr   .          Rampage  .    x - +0 pair of gloves
Will    +....                    y - +2 pair of boots
Stlth   ..........               (no amulet)
HPRegen 0.43/turn                g - +4 ring of protection
MPRegen 0.20/turn                J - +4 ring of protection

@: heroic
A: permanent stasis, dig shafts and tunnels, antennae 3, four strong arms
a: Dig, Shaft Self, Renounce Religion, Heroism, Finesse, Duel


You were on level 2 of the Spider Nest.
You worshipped Okawaru.
Okawaru was exalted by your worship.
You visited 5 branches of the dungeon, and saw 25 of its levels.
You visited 1 bazaar.
You also visited: Ossuary.

You collected 3629 gold pieces.
You spent 1528 gold pieces at shops.

Inventory:

Hand Weapons
 a - a +7 executioner's axe of freezing
 t - a +2 vampiric war axe (weapon)
 G - a +2 battleaxe of flaming
 H - the +10 sling of the Curious Things {elec, Fly Dex+3}
   (You found it on level 10 of the Dungeon)

   Any ammunition fired from it occasionally discharges a powerful burst of
   electricity upon striking a foe.
   Dex:       It affects your dexterity (+3).
   Fly:       It grants you flight.
Missiles
 j - a curare-tipped dart
 v - 3 boomerangs of dispersal
 z - 15 javelins
 N - 5 atropa-tipped darts
 U - 10 boomerangs (quivered)
 V - a throwing net
 W - 2 silver boomerangs
Armour
 w - the +2 cloak "Xubojar" (worn) {rPois rN+ Dex-2}
   (You bought it in a shop on level 2 of the Dungeon)

   Dex:       It affects your dexterity (-2).
   rPois:     It protects you from poison.
   rN:        It protects you from negative energy.
 x - a +0 pair of gloves (worn)
 y - a +2 pair of boots (worn)
 L - a +0 kite shield (worn)
 M - a +2 plate armour of fire resistance (worn)
Jewellery
 g - a +4 ring of protection (left hand)
 n - an amulet of guardian spirit
 J - a +4 ring of protection (right hand)
 P - the ring of Jocrao {rF+ Dex+6}
   (You found it on level 2 of the Lair of Beasts)

   [ring of dexterity]

   Dex:       It affects your dexterity (+6).
   rF:        It protects you from fire.
 R - a ring of ice
 X - an amulet of reflection
Wands
 c - a wand of digging (6)
 s - a wand of acid (14)
 A - a wand of roots (10)
 I - a wand of flame (22)
 S - a wand of mindburst (7)
 T - a wand of polymorph (10)
Scrolls
 b - 11 scrolls of identify
 o - 6 scrolls of poison
 p - 5 scrolls of vulnerability
 q - 4 scrolls of fog
 r - 7 scrolls of immolation
 u - 3 scrolls of amnesia
 E - 2 scrolls of silence
 F - 5 scrolls of fear
 K - 2 scrolls of enchant armour
Potions
 d - 3 potions of might
 e - 3 potions of mutation
 f - a potion of brilliance
 h - 2 potions of attraction
 i - 10 potions of curing
 k - 9 potions of lignification
 l - 2 potions of ambrosia
 m - 5 potions of flight
 B - 4 potions of cancellation
 C - 5 potions of heal wounds
 D - a potion of magic
 O - a potion of invisibility
Miscellaneous
 Q - a tin of tremorstones (2/2)


   Skills:
 + Level 14.8(19.8) Fighting
 * Level 18.5(23.5) Axes
 * Level 10.6(15.6) Throwing
 + Level 11.7(16.7) Armour
 + Level 13.0(18.0) Shields
 - Level 13.0 Invocations


You had 16 spell levels left.
You didn't know any spells.
Your spell library contained the following spells:

 Spells                   Type           Power      Damage    Failure   Level
 Scorch                   Fire           0%         2d5       99%         2
 Static Discharge         Conj/Air       0%         2-2/arc   99%         2
 Dazzling Flash           Conj/Hex       0%         N/A       100%        3
 Hailstorm                Conj/Ice       0%         3d3       100%        3
 Ignite Poison            Fire/Tmut/Pois 0%         N/A       100%        3
 Vhi's Electric Charge    Tloc/Air       0%         N/A       100%        3
 Flame Wave               Conj/Fire      0%         2d4       100%        4
 Ice Form                 Ice/Tmut       0%         N/A       100%        4
 Sticky Flame             Conj/Fire      0%         2d3       100%        4
 Agony                    Necr           0%         N/A       100%        5
 Arcjolt                  Conj/Air       0%         1d10      100%        5
 Iskenderun's Battlesphe  Conj           0%         2d6       100%        5
 Lightning Bolt           Conj/Air       0%         1d11      100%        5
 Silence                  Hex/Air        0%         N/A       100%        5
 Iron Shot                Conj/Erth      0%         9d1       100%        6
 Orb of Destruction       Conj           0%         9d5       100%        7
 Ignition                 Fire           0%         3d3       100%        8
 Summon Guardian Golem    Hex/Summ       Unusable   N/A       N/A         3
 Simulacrum               Ice/Necr       Unusable   N/A       N/A         6
 Summon Cactus Giant      Summ           Unusable   N/A       N/A         6
 Spellforged Servitor     Conj/Summ      Unusable   N/A       N/A         7

Dungeon Overview and Level Annotations

Branches:
Dungeon (15/15)            Temple (1/1) D:4            Lair (5/5) D:8
 Shoals (0/4) Lair:2       Spider (2/4) Lair:2        Slime (0/5) Lair:5
    Orc (2/2) D:11            Elf (0/3) Orc:2        Vaults (0/5) D:13
 Depths (0/4) D:15        Ossuary (visited)

Altars:
Ashenzari
Cheibriados
Dithmenos
Elyvilon
Fedhas
Gozag
Hepliaklqana
Kikubaaqudgha
Makhleb
Nemelex Xobeh
Okawaru
Qazlal
Ru
Sif Muna
Trog
Vehumet
Xom
Yredelemnul
Zin
Jiyva

Shops:
D:2 *([*[   D:4 ?   D:7 ?   D:9 ?   D:10 !   Orc:2 =[*(

Portals:
Trove: D:12 (give +3 storm dragon scales)

Annotations:
Temple 2 transporters


Innate Abilities, Weirdness & Mutations

You cannot be hasted, slowed, berserked, paralysed or teleported.
You can dig through walls and to a lower floor.
You have a pair of large antennae on your head. (SInv)
Your four strong arms can wield two-handed weapons with a shield.


Message History

The wolf spider bites you but does no damage.
You slash the broodmother!
You feel better.
The broodmother is moderately wounded.
You slash the wolf spider! You hit the tarantella.
You block the tarantella's attack.
The broodmother bites you but does no damage.
The wolf spider hits you!
* * * LOW HITPOINT WARNING * * *
You block the wolf spider's attack.
You slash the broodmother!
The broodmother is moderately wounded.
You hit the wolf spider. You hit the tarantella.
You block the tarantella's attack.
The broodmother bites you but does no damage.
The wolf spider barely misses you. You block the wolf spider's attack.
The tarantella misses you.
You hit the broodmother.
The broodmother is moderately wounded.
You slash the wolf spider! You miss the tarantella.
The wolf spider closely misses you. The wolf spider bites you!
* * * LOW HITPOINT WARNING * * *
You block the broodmother's attack.
The tarantella touches you but does no damage.
You slash the broodmother!
You feel better.
The broodmother is moderately wounded.
You hit the tarantella. You slash the wolf spider!
You block the wolf spider's attack. x2; The broodmother bites you.
* * * LOW HITPOINT WARNING * * *
You block the tarantella's attack.
Unknown command.
You hit the broodmother.
You feel better.
The broodmother is heavily wounded.
You hit the wolf spider but do no damage.
You slash the tarantella!
The culicivora's soul is no longer bound.
The wolf spider hits you but does no damage.
The wolf spider bites you.
* * * LOW HITPOINT WARNING * * *
The broodmother bites you!!
You die...

... ##...#......#.. ..
#....###^..##.. #.. {
##...^#....#... # #.)
##...#.......# #.#..####
#..##^...####
#.......###..#......#
#.....s†.#.........##
#ss###.#....###
#@s.#####[^.## ##.^# ##...##
#..#######....#
##...##.####..## #...
#......^###...# ..>#
########.#.....#....# ...##
##.#....#####...#..<.#
..^####........#......##...#
..#.#.....#........#####..#


You could see a broodmother, a wolf spider (summoned), a culicivora and a
tarantella (summoned).

Vanquished Creatures
  Saint Roka (Orc:2)
  Rupert (Orc:2)
  A ghost moth (Spider:2)
  An orc warlord (Orc:2)
  A broodmother (Spider:1)
  Azrael (Spider:2)
  Josephine (Orc:2)
  The ghost of semem the Thaumaturge, a journeyman OpVM of Vehumet (Orc:1)
  8 vault guards
  An ogre mage (D:15)
  2 hydras
  An ice dragon (Lair:5)
  6 centaur warriors
  Erica (D:8)
  5 boulder beetles
  9 two-headed ogres
  An alligator (Lair:5)
  7 death yaks
  2 tengu warriors (D:14)
  3 orc high priests (Orc:2)
  Urug (Lair:1)
  3 pharaoh ants
  Amaemon (D:11)
  A sun moth (Spider:1)
  2 steelbarb worms (Spider:1)
  A wizard (D:15)
  A deep elf pyromancer (D:14)
  A necromancer (D:15)
  Pikel (D:8)
  2 lindwurms (Lair:5)
  6 orc knights
  2 manticores
  20 ugly things
  4 orc sorcerers
  10 wolf spiders
  3 cyclopes
  A moth of wrath (Spider:1)
  A centaur zombie (D:15)
  2 naga magi (D:15)
  4 black mambas
  The ghost of lorin the Digger, a novice GrEE of Ignis (D:6)
  9 elephants
  8 torpor snails
  Joseph (D:8)
  Maggie (D:8)
  13 cane toads
  An unseen horror (D:10)
  An orange demon (D:11)
  A yaktaur (D:15)
  A centaur skeleton (D:15)
  7 demonic crawlers
  4 rime drakes
  8 komodo dragons
  2 kobold demonologists
  4 trolls
  9 hornets
  9 polar bears (Lair:5)
  3 meliai
  3 tyrant leeches (Lair:5)
  4 tarantellas
  A snapping turtle (Lair:2)
  9 slime creatures
  23 blink frogs
  A harpy skeleton (D:15)
  3 raiju (Lair:5)
  12 dream sheep
  18 jumping spiders
  3 culicivoras
  A shadow (D:12)
  5 wraiths (Orc:2)
  7 wyverns
  A centaur simulacrum (D:14)
  48 yaks
  3 fire elementals (Spider:2)
  4 basilisks
  3 steam dragons
  27 redbacks (Spider:1)
  10 vampire mosquitoes
  6 wargs
  4 swamp worms (Lair:2)
  2 acid dragons
  16 hell hounds
  14 water moccasins
  34 orc warriors
  12 black bears
  A sky beast (D:7)
  14 ogres
  16 wolves
  15 centaurs
  2 phantoms
  3 lemures (D:8)
  11 bullfrogs
  3 kobold brigands
  An elf zombie (Ossuary)
  2 gnoll sergeants
  3 necrophages
  2 scorpions (D:6)
  3 wights (D:8)
  12 killer bees
  4 howler monkeys
  3 electric eels (Lair:4)
  6 hounds
  2 human zombies (Ossuary)
  2 jellies (Lair:5)
  16 orc priests
  2 gnoll boudas
  25 orc wizards
  3 iguanas
  A hell rat (Lair:3)
  Natasha (twice) (D:2)
  4 hound zombies (Ossuary)
  A hound skeleton (D:5)
  4 mummies (Ossuary)
  Robin (D:2)
  2 adders
  15 gnolls
  2 ufetubi
  A worm (D:2)
  5 dart slugs
  81 orcs
  17 bats
  5 endoplasms
  4 giant cockroaches
  A gnoll zombie (Ossuary)
  15 goblins
  12 hobgoblins
  3 quokkas
  7 ball pythons
  4 frilled lizards
  A hobgoblin zombie (Ossuary)
  A jackal zombie (Ossuary)
  33 kobolds
  A kobold zombie (Ossuary)
  An orc zombie (Ossuary)
  5 rats
  14 briar patches (Lair:2)
872 creatures vanquished.

Vanquished Creatures (others)
  41 fungi
  106 plants
147 creatures vanquished.

Grand Total: 1019 creatures vanquished

Notes
Turn   | Place    | Note
-------+----------+-------------------------------------------
     0 | D:1      | Bnni the Formicid Fighter began the quest for the Orb.
     0 | D:1      | Reached XP level 1. HP: 18/18 MP: 1/1
    86 | D:1      | Reached XP level 2. HP: 22/24 MP: 2/2
   410 | D:1      | Reached XP level 3. HP: 29/29 MP: 3/3
   799 | D:2      | Found Omekoul's Armour Emporium.
   987 | D:2      | Reached XP level 4. HP: 37/37 MP: 4/4
  1052 | D:2      | Found Gybulo's Assorted Antiques.
  1144 | D:2      | Found Toudom's Antique Armour Shop.
  1145 | D:2      | Found Nuept's Assorted Antiques.
  1183 | D:2      | Noticed Natasha
  1197 | D:2      | Killed Natasha
  1198 | D:2      | Reached skill level 3 in Axes
  1198 | D:2      | Reached skill level 5 in Shields
  1359 | D:2      | Noticed Robin
  1379 | D:2      | Killed Robin
  1380 | D:2      | Reached XP level 5. HP: 38/42 MP: 5/5
  1541 | D:2      | Found Jainir's Weapon Shoppe.
  1815 | D:3      | Reached skill level 4 in Axes
  2303 | D:3      | Reached XP level 6. HP: 44/49 MP: 6/6
  2338 | D:3      | Found a faded altar of an unknown god.
  2484 | D:4      | Reached skill level 5 in Fighting
  2484 | D:4      | Reached skill level 5 in Axes
  2580 | D:2      | Noticed Natasha
  2588 | D:2      | Killed Natasha
  2589 | D:2      | Reached XP level 7. HP: 55/56 MP: 7/7
  2599 | D:2      | Bought a jewelled cloak for 266 gold pieces
  2599 | D:2      | Identified the +2 cloak "Xubojar" {rPois rN+ Dex-2} (You
                  | bought it in a shop on level 2 of the Dungeon)
  2747 | D:4      | You fall into a shaft and drop 3 floors!
  2749 | D:7      | Found a sparkling altar of Nemelex Xobeh.
  2860 | D:5      | Entered Level 5 of the Dungeon
  2868 | D:4      | Found Azucwy's Magic Scroll Boutique.
  2982 | D:4      | Found a staircase to the Ecumenical Temple.
  2991 | Temple   | Entered the Ecumenical Temple
  2991 | Temple   | Found a transporter.
  2991 | Temple   | Found a transporter.
  2993 | Temple   | Found a transporter.
  2993 | Temple   | Found a transporter.
  3007 | Temple   | Became a worshipper of Warmaster Okawaru
  3465 | D:5      | Reached skill level 6 in Axes
  3513 | D:5      | Found a burning altar of Makhleb.
  3677 | D:2      | Bought a +2 pair of boots for 181 gold pieces
  3739 | D:6      | Reached XP level 8. HP: 63/64 MP: 8/8
  3802 | D:6      | Reached * piety under Okawaru
  3803 | D:6      | Reached skill level 1 in Invocations
  3842 | D:6      | Found an ancient bone altar of Kikubaaqudgha.
  3854 | D:6      | Reached skill level 7 in Axes
  3916 | D:6      | Noticed a hornet
  3917 | D:6      | Noticed lorin's ghost (novice GrEE)
  3987 | D:6      | Found a transporter.
  4139 | D:6      | Found a transporter.
  4598 | D:6      | Killed lorin's ghost
  4599 | D:6      | Reached skill level 8 in Axes
  4599 | D:6      | Reached XP level 9. HP: 62/72 MP: 8/11
  4602 | D:6      | Killed a hornet
  4602 | D:6      | Reached ** piety under Okawaru
  4795 | D:7      | Reached skill level 9 in Axes
  5005 | D:7      | Reached skill level 5 in Invocations
  5487 | D:7      | Found Ziebypon's Magic Scroll Emporium.
  5580 | D:8      | Found a sand-covered staircase.
  5587 | Ossuary  | Entered an ossuary
  5613 | Ossuary  | Reached *** piety under Okawaru
  5766 | Ossuary  | Reached XP level 10. HP: 76/80 MP: 12/14
  5967 | D:2      | Bought a scroll labelled BYGATZ INLI for 26 gold pieces
  5967 | D:2      | Bought a scroll labelled YLU UJETTEACUA for 26 gold pieces
  5972 | D:2      | Bought a potion of heal wounds for 130 gold pieces
  6086 | D:8      | Noticed Maggie
  6087 | D:8      | Noticed Joseph
  6117 | D:8      | Killed Joseph
  6118 | D:8      | Reached skill level 10 in Axes
  6131 | D:8      | Killed Maggie
  6287 | D:8      | Noticed Pikel
  6308 | D:8      | Killed Pikel
  6589 | D:8      | Reached skill level 11 in Axes
  6775 | D:8      | Reached **** piety under Okawaru
  6941 | D:8      | Noticed Erica
  6951 | D:8      | Killed Erica
  7079 | D:8      | Reached XP level 11. HP: 57/89 MP: 10/16
  7262 | D:8      | Found a staircase to the Lair.
  7847 | D:9      | Noticed a sixfirhy
  8115 | D:9      | Reached skill level 12 in Axes
  8130 | D:9      | Found Tehutas's Magic Scroll Shop.
  8557 | D:10     | Entered Level 10 of the Dungeon
  8560 | D:10     | Found Heregiss's Distillery.
  8598 | D:10     | Bought a potion of heal wounds for 70 gold pieces
  8626 | D:10     | Noticed a two-headed ogre
  8648 | D:10     | Killed a two-headed ogre
  8648 | D:10     | Reached ***** piety under Okawaru
  8649 | D:10     | Reached skill level 10 in Fighting
  8802 | D:10     | Identified the +10 sling of the Curious Things {elec, Fly
                  | Dex+3}
  9524 | D:11     | Noticed a two-headed ogre
  9542 | D:11     | Killed a two-headed ogre
  9557 | D:11     | Found a staircase to the Orcish Mines.
  9690 | D:11     | Noticed a cyclops
  9702 | D:11     | Killed a cyclops
  9703 | D:11     | Reached skill level 10 in Invocations
  9717 | D:11     | Noticed Amaemon
  9857 | D:11     | Killed Amaemon
  9994 | D:11     | Noticed a two-headed ogre
 10017 | D:11     | Killed a two-headed ogre
 10017 | D:11     | Received a gift from Okawaru
 10018 | D:11     | Reached XP level 12. HP: 21/98 MP: 4/19
 10295 | D:11     | Reached skill level 13 in Axes
 10448 | D:11     | Noticed a two-headed ogre
 10458 | D:11     | Killed a two-headed ogre
 10478 | D:11     | Reached skill level 5 in Armour
 11071 | D:12     | Noticed a two-headed ogre
 11085 | D:12     | Killed a two-headed ogre
 11213 | D:12     | Found a portal to a secret trove of treasure.
 11266 | D:12     | Noticed a boulder beetle
 11275 | D:12     | Killed a boulder beetle
 11275 | D:12     | Reached ****** piety under Okawaru
 11385 | D:12     | Found a white marble altar of Elyvilon.
 11607 | D:13     | Noticed a vault guard
 11607 | D:13     | Noticed a vault guard
 11607 | D:13     | Noticed a vault guard
 11608 | D:13     | Noticed a vault guard
 11625 | D:13     | Killed a vault guard
 11629 | D:13     | Noticed a vault guard
 11633 | D:13     | Killed a vault guard
 11634 | D:13     | Reached skill level 14 in Axes
 11634 | D:13     | Killed a vault guard
 11635 | D:13     | Reached XP level 13. HP: 74/106 MP: 12/22
 11646 | D:12     | Killed a vault guard
 11810 | D:13     | Noticed a vault guard
 11811 | D:13     | Noticed a vault guard
 11821 | D:13     | Noticed a vault guard
 11824 | D:13     | Killed a vault guard
 11838 | D:13     | Killed a vault guard
 11841 | D:13     | Killed a vault guard
 11846 | D:13     | Killed a vault guard
 12008 | D:13     | Found a gate to the Vaults.
 12059 | D:13     | Noticed a centaur warrior
 12067 | D:13     | Killed a centaur warrior
 12230 | D:13     | Found a radiant altar of Vehumet.
 12488 | D:13     | Noticed a centaur warrior
 12494 | D:13     | Killed a centaur warrior
 12499 | Arena    | Entered the Arena
 12544 | D:13     | Reached skill level 15 in Axes
 13525 | D:14     | Noticed a centaur warrior
 13534 | D:14     | Noticed a six-headed hydra
 13536 | D:14     | Killed a centaur warrior
 13536 | D:14     | Identified the +1 robe "Qageloj" {rF+ Str+3 Archmagi}
                  | (Okawaru gifted it to you on level 14 of the Dungeon)
 13536 | D:14     | Received a gift from Okawaru
 13543 | D:14     | Killed a three-headed hydra
 13561 | D:14     | Reached XP level 14. HP: 42/116 MP: 3/23
 14204 | D:14     | Reached skill level 1 in Throwing
 14282 | D:15     | Entered Level 15 of the Dungeon
 14639 | D:15     | Found a flickering gateway to a bazaar.
 14645 | Bazaar   | Entered a bazaar
 14646 | Bazaar   | Found Utiexog's Book Shop.
 14654 | Bazaar   | Found Himamoim's Distillery.
 14672 | Bazaar   | Found Retu's General Store.
 14679 | Bazaar   | Found Kiurr's Armour Emporium.
 14687 | Bazaar   | Bought a +2 plate armour of fire resistance for 400 gold
                  | pieces
 14721 | Bazaar   | Bought a potion of curing for 27 gold pieces
 14721 | Bazaar   | Bought a potion of curing for 27 gold pieces
 14770 | D:15     | Identified the +0 scale mail of Reason {rElec Will+ Str-4
                  | Int+6 Slay+2} (Okawaru gifted it to you on level 15 of the
                  | Dungeon)
 14770 | D:15     | Received a gift from Okawaru
 15045 | D:15     | Reached skill level 16 in Axes
 15351 | D:15     | Found a staircase to the Depths.
 15595 | Lair:1   | Entered Level 1 of the Lair of Beasts
 15728 | Lair:1   | Noticed Urug
 15743 | Lair:1   | Killed Urug
 15944 | Lair:1   | Reached XP level 15. HP: 113/123 MP: 22/24
 16891 | Lair:2   | Reached skill level 5 in Throwing
 16892 | Lair:2   | Reached skill level 10 in Shields
 16941 | Lair:2   | Found a transporter.
 16988 | Lair:2   | Found a transporter.
 17041 | Lair:2   | Identified the +5 chain mail "Jibulox" {Dex+4} (Okawaru
                  | gifted it to you on level 2 of the Lair of Beasts)
 17041 | Lair:2   | Received a gift from Okawaru
 17059 | Lair:2   | Found a hole to the Spider Nest.
 17095 | Lair:2   | Found a staircase to the Shoals.
 18063 | Lair:2   | Identified the ring of Jocrao {rF+ Dex+6}
 19945 | Lair:4   | Reached skill level 10 in Armour
 20467 | Lair:4   | Reached skill level 17 in Axes
 20975 | Lair:5   | Entered Level 5 of the Lair of Beasts
 20984 | Lair:5   | Received a gift from Okawaru
 21202 | Lair:5   | Found a viscous altar of Jiyva.
 21203 | Lair:5   | Found a staircase to the Slime Pits.
 21349 | Lair:5   | Reached XP level 16. HP: 125/132 MP: 23/25
 21788 | Lair:5   | Identified the +1 scale mail of Buac {rPois Will+ Regen+}
                  | (Okawaru gifted it to you on level 5 of the Lair of Beasts)
 21788 | Lair:5   | Received a gift from Okawaru
 22332 | Lair:5   | Found a runed translucent door.
 23292 | Orc:1    | Entered Level 1 of the Orcish Mines
 23989 | Orc:1    | Found a large runed translucent door.
 23989 | Orc:1    | Found a large runed translucent door.
 24200 | Orc:1    | Noticed semem's ghost (journeyman OpVM)
 24220 | Orc:1    | Killed semem's ghost
 24307 | Orc:2    | Entered Level 2 of the Orcish Mines
 24830 | Orc:2    | Found Herureso's Antique Armour Emporium.
 24947 | Orc:2    | Found Gapicig's Antique Weapon Boutique.
 24951 | Orc:2    | Noticed Josephine
 24960 | Orc:2    | Killed Josephine
 25052 | Orc:2    | Found Jyfumnim's General Store.
 25054 | Orc:2    | Noticed Rupert
 25066 | Orc:2    | Killed Rupert
 25147 | Orc:2    | Found a staircase to the Elven Halls.
 25188 | Orc:2    | Found Coma Ava's Jewellery Shop.
 25196 | Orc:2    | Bought an amulet of reflection for 300 gold pieces
 25358 | Orc:2    | Noticed Saint Roka
 25397 | Orc:2    | Killed Saint Roka
 25398 | Orc:2    | Reached skill level 18 in Axes
 25398 | Orc:2    | Reached XP level 17. HP: 86/140 MP: 22/26
 25811 | D:9      | Bought a scroll of enchant weapon for 75 gold pieces
 25930 | Spider:1 | Entered Level 1 of the Spider Nest
 26087 | Spider:1 | Received a gift from Okawaru
 26503 | Spider:1 | Reached skill level 10 in Throwing
 27621 | Spider:2 | Noticed Azrael
 27628 | Spider:2 | Killed Azrael
 27813 | Spider:2 | Slain by a broodmother

Illustrated notes

Levels and vault maps discovered:
D:1:      onia_arrival_pentagram, layout_basic, ebering_dispersal_statue_hall
D:2:      layout_loops_corners, serial_shops, shop,
          nicolae_shop_bloodbath_and_beyond, nicolae_shop_waterfront, shop,
          shop, kennysheep_generic_room_4, uniq_natasha, uniq_robin
D:3:      layout_rooms, ebering_ecumenical_altar_hall, serial_bayou_lagoon_a
D:4:      layout_cave_pools, minmay_temple_entry_glass, serial_shops,
          nicolae_shop_stone, minmay_distorted
D:5:      layout_loops_ring, makhleb_blood_cavern_becter,
          nicolae_overflow_two_pavilions, kennysheep_boxes
D:6:      layout_loops_ring, mainiacjoe_overflow_alcove_1, gammafunk_ghost_hive
D:7:      layout_basic, lemuel_crystal_altar, serial_shops,
          nicolae_stop_n_shop_2
D:8:      layout_basic, dpeg_oklobed_lair,
          nicolae_ossuary_entry_false_entrances, dk_noncrumbling_3, uniq_maggie,
          uniq_pikel, uniq_erica, uniq_joseph
D:9:      layout_roguey, serial_shops, nicolae_diamond_shop
D:10:     layout_roguey, serial_shops, nicolae_shop_crystal
D:11:     layout_cave_pools, orc_0_dummy, grunt_ministairs_1, uniq_amaemon
D:12:     layout_rooms, enter_trove_3, elyvilon_altar_4
D:13:     layout_loops_corners, erik_vaults_2, nicolae_vehumet_radiance
D:14:     layout_rooms
D:15:     grunt_enter_depths_magical_seal, layout_small_grid, serial_shops,
          bzr_entry_safe
Temple:   hellmonk_temple_divided_pantheon
Lair:1:   layout_gridlike, lemuel_fruit_tree, uniq_urug
Lair:2:   gammafunk_worm_tunnel, layout_regular_city, minmay_shoals_entry_hut,
          spider_nest_entry_a, minivault_23, lemuel_fruit_fields,
          grunt_megastairs_3
Lair:3:   wad_woods_structure_01, layout_regular_city, minivault_19
Lair:4:   layout_long_grid, lemuel_fruit_fields, grunt_megastairs_4,
          serial_bayou_shore_a
Lair:5:   wormcave, layout_regular_city, hangedman_lair_caniforms_friends,
          minmay_slime_entry_pillars, st_stairs_10
Spider:1: layout_cave_pods
Spider:2: layout_spider_delve, uniq_azrael
Orc:1:    layout_diamond_mine, ebering_ghost_disaster_area, mines2_david,
          uniq_sonja
Orc:2:    grunt_orc_gardens, layout_diamond_mine, grunt_orc_garden,
          grunt_orc_garden, grunt_orc_garden, grunt_orc_garden, basic_altar,
          roderic_batcave, uniq_josephine, uniq_saint_roka, uniq_rupert

Skill      XL: |  1  2  3  4  5  6  7  8  9 10 11 12 13 14 15 16 17 |
---------------+----------------------------------------------------+-----
Fighting       | 4 5 6 7 8 9 10 11 12 13 14 | 14.8
Axes           | 3 4 5 6 8 9 11 12 14 15 16 17 18 | 18.5
Shields        | 5 7 9 11 12 13 | 13.0
Invocations    | 3 5 7 10 12 13 | 13.0
Armour         | 4 6 8 9 10 11 | 11.7
Throwing       | 4 7 9 10 | 10.6

Action                   |  1- 3 |  4- 6 |  7- 9 | 10-12 | 13-15 | 16-18 || total
-------------------------+-------+-------+-------+-------+-------+-------++-------
Melee: War axe           |   108 |   151 |   294 |   496 |       |   120 ||  1169
       Unarmed           |       |     4 |       |       |       |       ||     4
       Battleaxe         |       |       |       |   158 |   880 |   423 ||  1461
       Executioner's axe |       |       |       |       |       |   230 ||   230
Throw: Dart              |       |       |       |     5 |     1 |     3 ||     9
       Boomerang         |       |       |       |       |    20 |     9 ||    29
       Javelin           |       |       |       |       |       |     1 ||     1
       Throwing net      |       |       |       |       |       |     1 ||     1
Invok: Heroism           |       |       |     1 |    10 |    14 |    11 ||    36
       Finesse           |       |       |       |     1 |     1 |     5 ||     7
       Duel              |       |       |       |       |     1 |       ||     1
 Abil: Dig               |       |       |     3 |     1 |       |       ||     4
Evoke: Wand              |       |       |       |     1 |     1 |       ||     2
  Use: Scroll            |       |       |     7 |    10 |     8 |     6 ||    31
       Potion            |       |       |     2 |     2 |     2 |     2 ||     8
 Stab: Invisible         |       |       |     7 |       |       |       ||     7
       Held in net/web   |       |       |       |       |       |     1 ||     1
Armor: Scale mail        |    51 |       |       |       |       |       ||    51
       Chain mail        |     3 |    10 |       |       |       |       ||    13
       Plate armour      |       |   132 |   290 |   436 |   522 |   589 ||  1969
Dodge: Dodged            |    48 |    51 |   121 |   204 |   185 |   257 ||   866
Block: Buckler           |    33 |    40 |    92 |   113 |     6 |       ||   284
       Kite shield       |       |       |       |       |   422 |   482 ||   904

Table legend: (Time is in decaauts)
 A = Elapsed time spent in this place.
 B = Non-inter-level travel time spent in this place.
 C = Inter-level travel time spent in this place.
 D = Time resting spent in this place.
 E = Time spent auto-exploring this place.
 F = Levels seen in this place.
 G = Mean time per level.
                   A        B        C        D        E       F      G
               +--------+--------+--------+--------+--------+-----+--------+
         Total |  27697 |  25040 |   2657 |   2823 |  16822 |  28 |  989.2 |
       Dungeon |  15971 |  14136 |   1835 |   2270 |   8880 |  15 | 1064.7 |
        Temple |     56 |     27 |     29 |      0 |     10 |   1 |   56.0 |
          Lair |   7454 |   6795 |    659 |      0 |   5372 |   5 | 1490.8 |
   Spider Nest |   1853 |   1808 |     45 |    147 |   1233 |   2 |  926.5 |
  Orcish Mines |   2009 |   1922 |     87 |    406 |   1155 |   2 | 1004.5 |
        Bazaar |     84 |     84 |      0 |      0 |      0 |   1 |   84.0 |
       Ossuary |    252 |    252 |      0 |      0 |    172 |   1 |  252.0 |
         Arena |     14 |     14 |      0 |      0 |      0 |   1 |   14.0 |
               +--------+--------+--------+--------+--------+-----+--------+

Top non-repeatable levels by time:
  Lair:5: 2108 daAuts
     D:8: 1700 daAuts
Spider:1: 1480 daAuts
    D:11: 1415 daAuts
    D:10: 1393 daAuts
  Lair:2: 1389 daAuts
    D:13: 1375 daAuts
  Lair:4: 1357 daAuts
  Lair:3: 1351 daAuts
     D:2: 1323 daAuts
  Lair:1: 1247 daAuts
     D:9: 1191 daAuts
    D:14: 1150 daAuts
     D:6: 1105 daAuts
   Orc:1: 1094 daAuts
